Map: Prion Terraces

Players

Solar - Winner!

  • Race: Zerg Zerg
  • League: Master

FanTaSy

  • Race: Terran Terran
  • League: Master

Event: Team Gravity's Tournament of Champions #5

VOD

Have the link to the VOD?

Description

Time

  • Played on: Nov. 15, 2015, 8:24 p.m.
  • Length: 7:33

All games in this series

Show
View Real Time Build Order
Export as new Build Order

Solar Zerg - Winner!

Build Orders: Hatch First 

Get SALT Encoding   

  12  0:00  Drone  
  13  0:12  Overlord  
  13  0:18  Drone  
  14  0:31  Drone x2  
  14  0:35  Drone  
  17  0:51  Hatchery  
  17  0:54  Drone  
  17  0:59  Drone  
  18  1:06  Drone, Extractor  
  18  1:14  Spawning Pool  
  17  1:18  Drone  
  18  1:28  Drone  
  19  1:40  Overlord  
  21  2:01  Queen, Zergling x4  
  21  2:03  Queen  
  21  2:04  Drone  
  26  2:09  Metabolic Boost  
  26  2:12  Drone  
  26  2:14  Drone  
  28  2:23  Drone  
  28  2:26  Drone  
  30  2:35  Drone  
  31  2:38  Drone  
  32  2:44  Hatchery  
  32  2:45  Queen  
  32  2:49  Overlord  
  33  2:53  Drone  
  33  2:55  Drone  
  33  2:58  Drone  
  36  3:11  Drone x3  
  36  3:12  Drone x2  
  41  3:16  Overlord  
  41  3:17  Drone x2  
  43  3:20  Drone  
  43  3:24  Overlord  
  44  3:32  Overlord  
  44  3:36  Drone, Roach Warren  
  44  3:40  Drone  
  45  3:43  Extractor x2  
  45  3:45  Drone x4  
  45  3:46  Drone  
  48  3:50  Overlord  
  48  3:51  Zergling x2  
  49  3:56  Drone  
  49  4:01  Queen  
  52  4:04  Drone x2  
  54  4:14  Drone x7  
  60  4:17  Drone x2  
  62  4:24  Evolution Chamber  
  62  4:28  Evolution Chamber  
  62  4:29  Lair  
  62  4:30  Drone x4  
  64  4:33  Drone  
  64  4:35  Extractor, Zergling x4  
  64  4:37  Zergling x2  
  68  4:38  Zergling x2  
  68  4:41  Drone  
  68  4:43  Overlord  
  68  4:45  Drone  
  70  4:47  Drone x3  
  70  4:51  Zerg Missile Weapons Level 1  
  73  4:56  Drone  
  73  4:57  Drone x2  
  73  5:03  Drone x2  
  73  5:04  Hatchery  
  73  5:05  Zerg Ground Armor Level 1  
  73  5:06  Drone  
  73  5:07  Drone  
  76  5:09  Drone x2  
  76  5:12  Extractor  
  76  5:13  Overlord, Extractor  
  76  5:16  Roach x2  
  76  5:18  Roach  
  76  5:20  Overlord  
  82  5:23  Overlord  
  82  5:27  Glial Reconstitution  
  84  5:28  Roach x2  
  84  5:29  Roach  
  84  5:33  Roach x3  
  84  5:35  Overlord  
  93  5:39  Roach  
  93  5:40  Roach  
  93  5:42  Roach x2  
  101  5:44  Overseer  
  101  5:48  Roach x3  
  107  5:50  Overlord  
  107  5:56  Roach x4  
  115  6:01  Roach x3  
  115  6:03  Overseer  
  120  6:05  Overlord  
  120  6:06  Overlord  
  120  6:11  Roach x3  
  125  6:15  Overlord  
  125  6:18  Overlord  
  125  6:19  Roach  
  125  6:21  Overlord  
  127  6:31  Ravager x5  
  132  6:33  Ravager, Roach x2  
  132  6:34  Roach x3  
  132  6:35  Overlord  
  132  6:38  Roach x2  
  147  6:42  Ravager  
  147  6:46  Ravager  
  149  6:50  Roach x2  
  149  6:53  Roach x2  
  156  6:56  Hatchery  
  156  6:58  Roach x3  
  159  7:07  Roach x5  
  161  7:09  Roach x2  
Show
View Real Time Build Order
Export as new Build Order

FanTaSy Terran 

Build Orders: Command Center First (CC) 

Get SALT Encoding   

  12  0:00  SCV  
  13  0:12  SCV  
  14  0:17  Supply Depot  
  14  0:24  SCV  
  15  0:38  SCV  
  16  0:50  SCV  
  17  0:58  Command Center  
  17  1:03  SCV  
  18  1:12  Barracks  
  18  1:15  SCV  
  19  1:22  Refinery  
  19  1:27  SCV  
  19  1:31  Refinery  
  20  1:39  SCV  
  21  1:51  SCV  
  22  1:59  Marine  
  23  2:05  Bunker, Orbital Command  
  23  2:10  Orbital Command  
  23  2:18  Barracks Reactor  
  23  2:23  Factory  
  23  2:31  SCV  
  23  2:35  Supply Depot  
  23  2:36  SCV  
  25  2:43  SCV  
  26  2:48  SCV  
  27  2:53  Marine  
  27  2:54  Marine  
  27  2:55  SCV  
  30  3:00  Supply Depot, SCV  
  31  3:07  SCV  
  31  3:08  Factory Tech Lab, Starport  
  31  3:11  Marine  
  31  3:12  SCV, Marine  
  35  3:19  SCV  
  36  3:24  SCV  
  36  3:27  Siege Tank  
  40  3:31  SCV  
  41  3:36  Marine x2  
  41  3:37  SCV  
  44  3:43  SCV  
  44  3:45  Medivac  
  47  3:49  SCV  
  48  3:57  Command Center  
  48  3:58  SCV  
  48  4:01  SCV  
  50  4:10  SCV  
  50  4:11  Barracks  
  50  4:12  Factory Reactor, Barracks  
  50  4:13  SCV  
  50  4:14  Marine  
  50  4:15  Stimpack  
  53  4:20  Refinery  
  53  4:21  Refinery  
  53  4:22  SCV  
  53  4:25  SCV  
  54  4:41  Engineering Bay  
  54  4:43  Engineering Bay  
  54  5:05  Barracks  
  54  5:07  Supply Depot, Factory Tech Lab  
  54  5:08  Starport Reactor  
  54  5:09  SCV x2, Marine x5  
  54  5:10  Terran Infantry Weapons Level 1, Terran Infantry Armor Level 1  
  54  5:11  Barracks  
  54  5:12  Orbital Command  
  62  5:21  SCV x2  
  62  5:23  Supply Depot  
  62  5:26  Marine  
  64  5:32  Siege Tank  
  64  5:33  SCV x2  
  64  5:35  Marine x4  
  70  5:40  Supply Depot, Orbital Command  
  70  5:42  Supply Depot  
  73  5:44  Marine  
  73  5:45  SCV x2  
  75  5:53  Medivac x2  
  79  5:57  SCV x2  
  79  6:02  Marine x4  
  85  6:05  Barracks Reactor  
  85  6:06  Barracks Reactor  
  85  6:12  SCV x3  
  85  6:15  Siege Tank  
  91  6:18  Supply Depot x2  
  91  6:25  Supply Depot  
  91  6:28  SCV x3  
  94  6:34  Marauder, Marine x4  
  94  6:35  Refinery  
  100  6:40  Medivac x2  
  100  6:43  SCV x3  
  100  6:46  Supply Depot  
  107  6:49  Supply Depot  
  107  6:50  Siege Tank  
  110  6:55  Armory  
  103  7:02  Marine x6  
  103  7:03  Marine x2, Marauder  
  103  7:06  SCV x3  
  85  7:18  SCV x3  

Tags
 
Add a new tag
Caveats
  • Supply blocks, unpowered buildings, or Contaminate may cause inaccurate times.
  • Supply counts are checked every 10 seconds.